 Dungeon Crawl Stone Soup version 0.30-a0-358-g0d69a1922f (webtiles) character file.

Game seed: 2526477636957988139

1010 bande the Chopper (level 8, -29/48 HPs)
             Began as a Gargoyle Fighter on Nov 10, 2022.
             Annihilated by an ogre
             ... wielding a +0 giant spiked club
              (40 damage)
             ... on level 4 of the Dungeon.
             The game lasted 00:08:40 (4039 turns).

bande the Chopper (Gargoyle Fighter)                Turns: 4039, Time: 00:08:41

Health: -29/48     AC: 19    Str: 20    XL:     8   Next: 21%
Magic:  8/8        EV: 11    Int:  9    God:
Gold:   172        SH:  5    Dex: 11    Spells: 7/7 levels left

rFire   . . .      SeeInvis .    a - +1 war axe (chaos)
rCold   . . .      Faith    .    c - +0 buckler
rNeg    + . .      Spirit   .    o - +0 chain mail
rPois   ∞          Reflect  .    l - +1 helmet
rElec   +          Harm     .    B - +0 cloak
rCorr   .          Rampage  .    (no gloves)
Will    .....                    (no boots)
Stlth   ..........               k - amulet of regeneration
HPRegen 1.08/turn                b - +4 ring of evasion
MPRegen 0.11/turn                (no ring)

@: no status effects
A: sickness immunity, AC +5, negative energy resistance 1, electricity
resistance, torment resistance 1, petrification resistance
a: no special abilities


You were on level 4 of the Dungeon.
You visited 1 branch of the dungeon, and saw 6 of its levels.
You also visited: Ossuary.

You collected 182 gold pieces.
You spent 10 gold pieces at shops.

Inventory:

Hand Weapons
 a - a +1 war axe of chaos (weapon)
 m - a +0 war axe
 z - a +0 morningstar
Armour
 c - a +0 buckler (worn)
 l - a +1 helmet (worn)
 o - a +0 chain mail (worn)
 B - a +0 cloak (worn)
Jewellery
 b - a +4 ring of evasion (left hand)
 k - an amulet of regeneration (around neck)
Wands
 r - a wand of charming (12)
 s - a wand of polymorph (8)
 t - a wand of roots (23)
Scrolls
 e - 4 scrolls of teleportation
 j - 2 scrolls of magic mapping
 q - a scroll of identify
 u - a scroll of brand weapon
 x - a scroll of fog
 y - a scroll of immolation
 A - a scroll of amnesia {unknown}
Potions
 d - 2 potions of might
 f - 2 potions of cancellation
 g - 3 potions of mutation {unknown}
 h - 2 potions of haste {unknown}
 i - a potion of berserk rage {unknown}
 n - 5 potions of curing {unknown}
 p - 4 potions of magic {unknown}
 v - a potion of attraction {unknown}
 w - 2 potions of heal wounds {unknown}


   Skills:
 + Level 4.8 Fighting
 + Level 6.1 Axes
 + Level 5.3 Armour
 + Level 4.6 Shields
 + Level 0.3 Unarmed Combat
 * Level 2.3 Evocations


You had 7 spell levels left.
You didn't know any spells.
Your spell library contained the following spells:

 Spells                   Type           Power      Damage    Failure   Level
 Foxfire                  Conj/Fire      0%         2x1d4     99%         1
 Sting                    Tmut/Pois      0%         1d3       99%         1
 Poisonous Vapours        Pois/Air       0%         N/A       100%        2
 Olgreb's Toxic Radiance  Pois           0%         N/A       100%        4
 Fireball                 Conj/Fire      0%         3d3       100%        5
 Starburst                Conj/Fire      0%         6d3       100%        6


Dungeon Overview and Level Annotations

Branches:
Dungeon (6/15)            Ossuary (visited)
 Temple: D:4-7

Altars:
Dithmenos
Makhleb
Wu Jian

Shops:
D:2 =?=[


Innate Abilities, Weirdness & Mutations

You are immune to sickness and miasma.
Your stone body is resilient. (AC +5)
You are immune to poison.
You resist negative energy. (rN+)
You are resistant to electric shocks. (rElec)
You are resistant to unholy torment.
You are immune to petrification.


Message History

Unknown command.
Unknown command.
Unknown command.
Welcome back, bande the Gargoyle Fighter.
Press ? for a list of commands and other information.
There is an open door here.
You see here a +0 cloak.
B - a +0 cloak You start putting on your armour.
You continue putting on your +0 cloak. x4
You finish putting on your +0 cloak.
You see here a quokka corpse.
You now have 161 gold pieces (gained 14).
h - 2 purple potions (gained 1)
You now have 172 gold pieces (gained 11).
You see here a +0 leather armour.
An ogre comes into view. It is wielding a +0 giant spiked club.
An ogre is nearby!
You hit the ogre.
The ogre goes berserk!
The ogre is lightly wounded.
The ogre hits you with a +0 giant spiked club!!!
Ouch! That really hurt!
* * * LOW HITPOINT WARNING * * *
The ogre completely misses you.
You are too injured to fight recklessly!
You are too injured to fight recklessly!
You are too injured to fight recklessly!
You hit the ogre.
The ogre is moderately wounded.
The ogre misses you.
You slash the ogre!
The ogre is severely wounded.
You block the ogre's attack.
You hit the ogre but do no damage.
The ogre seems to slow down.
The ogre is severely wounded.
The ogre is no longer moving slowly.
The ogre barely misses you.
You barely miss the ogre.
The ogre is heavily wounded.
The ogre hits you with a +0 giant spiked club!!!
Ouch! That really hurt!
You die...

#................
#.###.#####....##
###+###.#####......
#...........'......
#......######......
#........####......
#...........#......
##########.......##.##..
#......@.#.......##.####
#.######O###...####.####
#.# *.# #......#.##..
#.# *.# #......#.##..
#.# #.###......#.##..
#.# #..........#.##..
#.###########.....#.....
#.[.........#..#+#######
###..#..##..#.##.#......


You could see an ogre (berserk).

Vanquished Creatures
  Grinder (D:3)
  2 ogres
  A phantom (D:6)
  A scorpion (D:5)
  A human zombie (Ossuary)
  A jelly (D:6)
  2 hounds
  Ijyb (D:3)
  An iguana (D:4)
  4 mummies (Ossuary)
  10 gnolls
  9 adders
  A shadow imp (D:6)
  A worm (D:4)
  13 orcs
  3 ball pythons
  3 bats
  5 endoplasms
  7 giant cockroaches
  2 gnoll zombies (Ossuary)
  6 goblins
  8 hobgoblins
  7 kobolds
  7 quokkas
  2 frilled lizards
  A goblin zombie (Ossuary)
  2 hobgoblin zombies (Ossuary)
  2 kobold zombies (Ossuary)
  7 rats
111 creatures vanquished.

Vanquished Creatures (others)
  4 plants (D:2)
4 creatures vanquished.

Grand Total: 115 creatures vanquished

Notes
Turn   | Place    | Note
-------+----------+-------------------------------------------
     0 | D:1      | bande the Gargoyle Fighter began the quest for the Orb.
     0 | D:1      | Reached XP level 1. HP: 14/14 MP: 1/1
   248 | D:1      | Reached XP level 2. HP: 19/19 MP: 2/2
   267 | D:1      | Reached skill level 2 in Axes
  1763 | D:2      | Reached XP level 3. HP: 18/23 MP: 3/3
  1797 | D:2      | Found Wocepri's Antique Armour Boutique.
  1892 | D:2      | Found Kit Cowu's Jewellery Shop.
  1949 | D:2      | Found Hiuhiq's Magic Scroll Shop.
  1954 | D:2      | Bought a scroll of noise for 10 gold pieces
  2002 | D:2      | Found Lueved's Assorted Antiques.
  2035 | D:2      | Found Huggo's Jewellery Shoppe.
  2138 | D:2      | Found a burning altar of Makhleb.
  2311 | D:2      | Reached XP level 4. HP: 27/28 MP: 4/4
  2520 | D:3      | Found a shadowy altar of Dithmenos.
  2523 | D:3      | Found an ornate altar of the Wu Jian Council.
  2529 | D:3      | Reached skill level 3 in Axes
  2588 | D:3      | Noticed Grinder
  2599 | D:3      | Paralysed by Grinder for 5 turns
  2609 | D:3      | Killed Grinder
  2610 | D:3      | Reached skill level 4 in Axes
  2610 | D:3      | Reached XP level 5. HP: 33/33 MP: 5/5
  2610 | D:3      | Reached XP level 6. HP: 38/38 MP: 6/6
  2732 | D:3      | Noticed Ijyb
  2759 | D:3      | Killed Ijyb
  2926 | D:4      | Found a sand-covered staircase.
  2942 | Ossuary  | Entered an ossuary
  3104 | Ossuary  | Reached skill level 5 in Armour
  3104 | Ossuary  | Reached XP level 7. HP: 29/43 MP: 7/7
  3198 | D:4      | Reached skill level 1 in Evocations
  3205 | D:4      | You fall into a shaft and drop 2 floors!
  3423 | D:6      | Reached skill level 5 in Axes
  3464 | D:5      | Entered Level 5 of the Dungeon
  3556 | D:4      | Found a glowing drain.
  3587 | D:4      | Reached XP level 8. HP: 48/48 MP: 8/8
  3724 | D:4      | Reached skill level 6 in Axes
  4039 | D:4      | Annihilated by an ogre

Illustrated notes

Levels and vault maps discovered:
D:1:      dpeg_arrival_arbitrary_b, layout_basic
D:2:      layout_loops_cross, basic_altar, serial_shops,
          nicolae_shop_overgrown_old_shop,
          nicolae_shop_temple_entry_statues_fountains,
          nicolae_shop_hallway_plus, shop_statue, nicolae_shop_crystal
D:3:      layout_rooms, nicolae_overflow_squiral, uniq_ijyb, uniq_grinder
D:4:      layout_basic, nicolae_ossuary_entry_ruins, gup_sewer_entry_bubbles
D:5:      layout_cave_pools, marbit_many_paths, dk_rats_in_the_wall
D:6:      layout_cave_pods, kennysheep_little_box

Skill      XL: |  1  2  3  4  5  6  7  8 |
---------------+-------------------------+-----
Axes           | 2 4 5 6 |  6.1
Armour         | 4 5 |  5.3
Fighting       | 4 |  4.8
Shields        | 4 |  4.6
Evocations     | 2 |  2.3
Unarmed Combat | |  0.3

Action                   |  1- 3 |  4- 6 |  7- 9 || total
-------------------------+-------+-------+-------++-------
Melee: War axe           |   126 |   126 |   119 ||   371
       Unarmed           |       |    17 |       ||    17
  Use: Scroll            |     7 |     2 |     2 ||    11
 Stab: Petrifying        |       |     1 |       ||     1
       Confused          |       |       |     1 ||     1
Armor: Scale mail        |    71 |       |       ||    71
       Chain mail        |     2 |    71 |    81 ||   154
       Skin              |       |     1 |       ||     1
Dodge: Dodged            |    65 |    37 |    84 ||   186
Block: Buckler           |    26 |    23 |    33 ||    82

Table legend: (Time is in decaauts)
 A = Elapsed time spent in this place.
 B = Non-inter-level travel time spent in this place.
 C = Inter-level travel time spent in this place.
 D = Time resting spent in this place.
 E = Time spent auto-exploring this place.
 F = Levels seen in this place.
 G = Mean time per level.
                   A        B        C        D        E       F      G
               +--------+--------+--------+--------+--------+-----+--------+
         Total |   4197 |   3932 |    265 |    570 |   2241 |   7 |  599.6 |
       Dungeon |   3971 |   3706 |    265 |    570 |   2136 |   6 |  661.8 |
       Ossuary |    226 |    226 |      0 |      0 |    105 |   1 |  226.0 |
               +--------+--------+--------+--------+--------+-----+--------+

Top non-repeatable levels by time:
     D:1: 1506 daAuts
     D:2: 950 daAuts
     D:4: 745 daAuts
     D:3: 481 daAuts
     D:6: 270 daAuts
 Ossuary: 226 daAuts
     D:5: 17 daAuts
